 Dungeon Crawl Stone Soup version 0.22.0-25-g7663229 (console) character file.

52 removed the Bolt Thrower (level 3, -5/23 HPs)
             Began as an Octopode Arcane Marksman on Aug 20, 2018.
             Was an Initiate of Okawaru.
             Slain by Natasha (7 damage)
             ... on level 2 of the Dungeon.
             The game lasted 00:03:27 (1329 turns).

removed the Bolt Thrower (Octopode Arcane Marksman) Turns: 1329, Time: 00:03:28

Health: -5/23      AC:  1    Str:  9    XL:     3   Next: 85%
Magic:  2/4        EV: 13    Int: 15    God:    Okawaru [......]
Gold:   38         SH:  0    Dex: 13    Spells: 1/4 levels left

rFire    . . .     SeeInvis .   a - +0 hand crossbow
rCold    . . .     Gourm    .   (no shield)
rNeg     + . .     Faith    .   (helmet restricted)
rPois    .         Spirit   .   (no amulet)
rElec    .         Reflect  .   t - ring of positive energy
rCorr    .         Harm     .   (no ring)
MR       .....                  (no ring)
Stlth    ++........             (no ring)
HPRegen  0.07/turn              (no ring)
MPRegen  0.09/turn              (no ring)
                                (no ring)
                                (no ring)

@: very slightly contaminated, slowed, very slow
A: almost no armour, stealthy swim, amphibious, 8 rings, constrict 8, camouflage
1, gelatinous body 1
a: Renounce Religion


You were on level 2 of the Dungeon.
You worshipped Okawaru.
Okawaru was noncommittal.
You were not hungry.

You visited 1 branch of the dungeon, and saw 2 of its levels.

You collected 38 gold pieces.

Inventory:

Hand Weapons
 a - a +0 hand crossbow (weapon)
 l - a +0 club
 n - a +0 mace
Missiles
 c - 11 bolts (quivered)
Jewellery
 t - a ring of positive energy (left tentacle)
Scrolls
 e - a scroll of identify {unknown}
 g - a scroll of enchant weapon {unknown}
 h - 2 scrolls of immolation {unknown}
 k - a scroll of remove curse {unknown}
 m - a scroll of blinking {unknown}
 r - a scroll of amnesia {unknown}
 s - a scroll of teleportation {unknown}
Potions
 i - a potion of invisibility {unknown}
 o - a potion of mutation {unknown}
 q - 2 potions of curing {unknown}
 u - a potion of berserk rage {unknown}
Comestibles
 d - 6 rations
 p - a chunk of flesh


   Skills:
 - Level 1.0 Fighting
 + Level 4.0 Crossbows
 - Level 2.0 Dodging
 - Level 1.0 Spellcasting
 - Level 3.0 Hexes


You had one spell level left.
You knew the following spells:

 Your Spells              Type           Power        Failure   Level  Hunger
a - Corona                Hex            #......      7%          1    ##.....
b - Slow                  Hex            #.......     11%         2    ###....

Your spell library contained the following spells:

 Spells                   Type           Power        Failure   Level  Hunger
 Inner Flame              Hex/Fire       #.......     36%         3    ####...
 Portal Projectile        Hex/Tloc       #.....       36%         3    ####...
 Cause Fear               Hex            #.........   56%         4    #####..
 Leda's Liquefaction      Hex/Erth       #.........   78%         4    #####..


Dungeon Overview and Level Annotations

Branches:
Dungeon (2/15)

Altars:
Okawaru

Annotations:
D:2 Natasha


Innate Abilities, Weirdness & Mutations

You cannot wear most types of armour.
You are very stealthy in the water. (Stealth+)
You are amphibious.
You can wear up to eight rings at the same time.
You can use your tentacles to constrict eight enemies at once.
Your skin changes colour to match your surroundings (Stealth+).
Your rubbery body absorbs attacks. (AC +1, EV +1)


Message History

You shoot a bolt. The bolt closely misses Natasha.
Natasha claws you.
Firing (i - inventory)
c - 13 bolts (quivered)
Press: ? - help, Shift-Dir - straight line, f/p - Natasha
Aim: Natasha (heavily wounded)
You shoot a bolt. The bolt closely misses Natasha.
The crimson imp completely misses you.
Natasha stares at you and mumbles some strange words.
You feel yourself slow down.
The crimson imp summons a swarm of flies.
The crimson imp hits you but does no damage.
Natasha mumbles some strange words.
Firing (i - inventory)
c - 12 bolts (quivered)
Press: ? - help, Shift-Dir - straight line, f/p - Natasha
Aim: Natasha (heavily wounded)
You shoot a bolt. The bolt hits Natasha.
Natasha is almost dead.
The crimson imp misses you. Natasha claws you!
* * * LOW HITPOINT WARNING * * *
The crimson imp misses you. Natasha claws you!
You die...

#....##..#####.###..#
#.....#.## ##..# #...
##...#...####..####.#.
########................รท....
#........####.###....###.....
#.#######................#.##
#.###...#####....#######...#
#.##.....##.#.#### #...##
#.#.......#.@.# #....#
#....._(..#.5h# #....#
###.......#.5>(. #..#..
##.....##.<.##.. ##...##.#.##
... #####.##.# ## .# #.# #.#


You could see Natasha and 2 crimson imps.

Vanquished Creatures
  2 adders (D:2)
  2 worms (D:2)
  A dart slug (D:2)
  A leopard gecko (D:2)
  An orc (D:2)
  A bat (D:1)
  5 giant cockroaches
  2 goblins
  A hobgoblin (D:1)
  A ball python (D:1)
  2 frilled lizards
  6 kobolds
  2 rats
27 creatures vanquished.

Notes
Turn   | Place    | Note
-------+----------+-------------------------------------------
     0 | D:1      | removed the Octopode Arcane Marksman began the quest for the Orb.
     0 | D:1      | Reached XP level 1. HP: 13/13 MP: 2/2
   119 | D:1      | Reached XP level 2. HP: 18/18 MP: 3/3
   589 | D:1      | Reached skill level 3 in Crossbows
   824 | D:2      | Reached XP level 3. HP: 12/23 MP: 2/4
  1073 | D:2      | Learned a level 2 spell: Slow
  1168 | D:2      | Reached skill level 4 in Crossbows
  1257 | D:2      | Found an iron altar of Okawaru.
  1299 | D:2      | Became a worshipper of Warmaster Okawaru
  1321 | D:2      | Noticed Natasha
  1329 | D:2      | Slain by Natasha

Skill      XL: |  1  2  3 |
---------------+----------+-----
Crossbows      | 3 4 |  4.0
Fighting       | |  1.0
Dodging        | |  2.0
Spellcasting   | |  1.0
Hexes          | |  3.0

Action                   || total
-------------------------++-------
 Fire: Hand crossbow     ||    67
 Cast: Corona            ||    16
  Eat: Chunk             ||     2
Armor: Skin              ||     3
Dodge: Dodged            ||    28
